 Dungeon Crawl Stone Soup version 0.24-a0-309-g1095bcad4c (webtiles) character file.

Game seed: 13528120925979996646

40 D1HalberdGnoll the Skirmisher (level 3, 0/31 HPs)
             Began as a Draconian Abyssal Knight on May 14, 2019.
             Was a Follower of Lugonu.
             Succumbed to a kobold's poison
             ... on level 2 of the Dungeon.
             The game lasted 00:00:47 (986 turns).

D1HalberdGnoll the Skirmisher (DrAK)                 Turns: 986, Time: 00:00:47

Health: 0/31       AC:  5    Str: 14    XL:     3   Next: 30%
Magic:  4/4        EV: 12    Int: 12    God:    Lugonu [*.....]
Gold:   55         SH:  0    Dex:  9    Spells: 2/2 levels left

rFire    + . .     SeeInvis .   a - +1 falchion
rCold    + . .     Gourm    .   (no shield)
rNeg     . . .     Faith    .   (armour unavailable)
rPois    +         Spirit   .   (helmet restricted)
rElec    +         Reflect  .   (no cloak)
rCorr    +         Harm     .   (no gloves)
MR       .....                  (no boots)
Stlth    +.........             (no amulet)
HPRegen  0.10/turn              (no ring)
MPRegen  0.09/turn              (no ring)

@: lethally poisoned (0 -> -7), resistant
A: unfitting armour, stinger 1, clumsy 1, wild magic 1, cold-blooded, AC +5
a: Depart the Abyss, Renounce Religion


You were on level 2 of the Dungeon.
You worshipped Lugonu.
Lugonu was aware of your devotion.
You were not hungry.

You visited 1 branch of the dungeon, and saw 2 of its levels.
You visited the Abyss 1 time.

You collected 55 gold pieces.

Inventory:

Hand Weapons
 a - a +1 falchion (weapon)
Missiles
 d - 7 poisoned darts (quivered)
Jewellery
 e - an uncursed ring of positive energy {unknown}
Scrolls
 f - a scroll of remove curse {unknown}
 g - a scroll of identify {unknown}
 i - a scroll of fear {unknown}
Comestibles
 b - a ration


   Skills:
 + Level 3.6 Fighting
 * Level 2.8 Long Blades
 + Level 2.4 Dodging
 + Level 2.5 Invocations


You had 2 spell levels left.
You didn't know any spells.
Your spell library was empty.

Dungeon Overview and Level Annotations

Branches:
Dungeon (2/15)

Altars:


Innate Abilities, Weirdness & Mutations

Your plain brown scales are hard. (AC +5)
You cannot fit into any form of body armour.
You are cold-blooded and may be slowed by cold attacks.
Your tail ends in a poisonous barb.
You are clumsy. (Dex -2)
Your spells are a little harder to cast, but a little more powerful.


Message History

* * * LOW HITPOINT WARNING * * *
You feel sick. The rat misses you.
There is a lethal amount of poison in your body!
You are too injured to fight recklessly!
You are too injured to fight recklessly!
You are too injured to fight recklessly!
You are too injured to fight recklessly!
You are too injured to fight recklessly!
You are too injured to fight recklessly!
You are too injured to fight recklessly!
You are too injured to fight recklessly!
You closely miss the rat.
* * * LOW HITPOINT WARNING * * *
You feel sick. The rat misses you. The rat barely misses you.
You closely miss the rat.
Your tail-slap misses the rat.
The rat bites you but does no damage.
You slash the rat!
You kill the rat!
Lugonu accepts your kill.
You die...

#...# #...#
#...# #...#
####...#
#......+
#......######
#).?..@#
#.####.#
#$...#.#
#..#.#.#
#..#<#.#
#..###.# #..#
#.# #..# ...
#..#


There were no monsters in sight!

Vanquished Creatures
  An ooze (D:1)
  A dart slug (D:1)
  2 leopard geckos (D:1)
  A ball python (D:1)
  3 bats (D:1)
  6 goblins (D:1)
  3 hobgoblins (D:1)
  3 jackals (D:1)
  3 kobolds
  A frilled lizard (D:1)
  5 rats
29 creatures vanquished.

Notes
Turn   | Place    | Note
-------+----------+-------------------------------------------
     0 | Abyss:1  | D1HalberdGnoll the Draconian Abyssal Knight began the quest
                  | for the Orb.
     0 | Abyss:1  | Reached XP level 1. HP: 19/19 MP: 2/2
    39 | Abyss:1  | Found a corrupted altar of Lugonu.
    86 | Abyss:1  | Noticed a thrashing horror
    87 | D:1      | Escaped the Abyss
   194 | D:1      | Reached * piety under Lugonu
   236 | D:1      | Reached XP level 2. HP: 25/26 MP: 3/3
   421 | D:1      | Reached XP level 3. HP: 31/31 MP: 4/4
   974 | D:2      | Gained mutation: You are clumsy. (Dex -2) [potion of
                  | mutation]
   974 | D:2      | Gained mutation: Your spells are a little harder to cast,
                  | but a little more powerful. [potion of mutation]
   974 | D:2      | Gained mutation: Your tail ends in a poisonous barb.
                  | [potion of mutation]
   984 | D:2      | HP: 1/31 [poisoned by a kobold]
   986 | D:2      | Succumbed to a kobold's poison

Levels and vault maps discovered:
D:1:      dpeg_cavernosity, layout_basic, minmay_misc_feat_plants
D:2:      layout_basic, zin_statuary, chequers_ecumenical_altar_twisty,
          first_ration, uniq_terence, uniq_natasha

Action                   || total
-------------------------++-------
Melee: Falchion          ||    76
       Tailslap          ||    12
Invok: Depart the Abyss  ||     1
  Use: Potion            ||     2
 Stab: Sleeping          ||     1
Armor: Skin              ||    23
Dodge: Dodged            ||    74
       Rpst.: Falchion   ||    20

Table legend:
 A = Non-vault XP
 B = Vault XP
 C = Vault XP percentage of total XP
 D = Non-vault monster count
 E = Vault monster count
 F = Vault count percentage of total count
                 A         B        C        D         E       F
            +---------+---------+-------+---------+---------+-------
      Total |      50 |       8 |  13.8 |      25 |       4 |  13.8
            +---------+---------+-------+---------+---------+-------
        D:1 |      48 |       8 |  14.3 |      23 |       4 |  14.8
        D:2 |       2 |       0 |   0.0 |       2 |       0 |   0.0
            +---------+---------+-------+---------+---------+-------
